 Dungeon Crawl Stone Soup version 0.25-a0-496-g8c4878dea3 (webtiles) character file.

Game seed: 2862421773087451610, levelgen mode: deterministic

621 RedPan the Fighter (level 7, -7/63 HPs)
             Began as a Gnoll Wanderer on Feb 11, 2020.
             Was an Initiate of Makhleb.
             Mangled by an ogre
             ... wielding a +0 giant spiked club
              (13 damage)
             ... on level 4 of the Dungeon.
             The game lasted 00:06:31 (3538 turns).

RedPan the Fighter (Gnoll Wanderer)                 Turns: 3538, Time: 00:06:31

Health: -7/63      AC:  7    Str: 15    XL:     7   Next: 46%
Magic:  10/10      EV: 11    Int: 14    God:    Makhleb [......]
Gold:   246        SH:  5    Dex: 16    Spells: 10/10 levels left

rFire    . . .     SeeInvis .   h - +1 whip
rCold    . . .     Gourm    .   e - +0 buckler
rNeg     . . .     Faith    .   s - +1 scale mail
rPois    .         Spirit   .   (no helmet)
rElec    .         Reflect  .   (no cloak)
rCorr    .         Harm     .   (no gloves)
MR       .....                  (no boots)
Stlth    +.........             (no amulet)
HPRegen  0.20/turn              (no ring)
MPRegen  0.12/turn              (no ring)

@: no status effects
A: distributed training, fangs 1, strong nose
a: Renounce Religion


You were on level 4 of the Dungeon.
You worshipped Makhleb.
Makhleb was noncommittal.
You were not hungry.

You visited 1 branch of the dungeon, and saw 4 of its levels.

You collected 246 gold pieces.

Inventory:

Hand Weapons
 a - a +0 dagger
 h - a +1 whip (weapon)
Missiles
 b - 4 throwing nets (quivered)
Armour
 e - a +0 buckler (worn)
 s - a +1 scale mail (worn)
Jewellery
 g - an uncursed ring of ice
 q - an uncursed ring of fire
Wands
 r - a wand of acid (7)
Scrolls
 c - 3 scrolls of teleportation
 j - 3 scrolls of enchant armour
Potions
 d - 2 potions of lignification
 i - a potion of flight
 k - 2 potions of haste
 l - 2 potions of heal wounds
 m - a potion of agility
 n - 2 potions of curing
 p - a potion of resistance {unknown}
Comestibles
 f - 4 rations
 o - 3 chunks of flesh


   Skills:
 + Level 8.9 Fighting
 + Level 2.4 Short Blades
 + Level 3.6 Long Blades
 + Level 2.4 Axes
 + Level 2.4 Maces & Flails
 + Level 2.4 Polearms
 + Level 2.4 Staves
 + Level 2.4 Slings
 + Level 2.4 Bows
 + Level 2.4 Crossbows
 + Level 3.6 Throwing
 + Level 2.4 Armour
 + Level 3.6 Dodging
 + Level 3.4 Stealth
 + Level 3.6 Shields
 + Level 3.6 Unarmed Combat
 + Level 2.4 Spellcasting
 + Level 2.0 Conjurations
 + Level 2.0 Hexes
 + Level 2.0 Charms
 + Level 2.0 Summonings
 + Level 2.0 Necromancy
 + Level 2.0 Translocations
 + Level 2.0 Transmutations
 + Level 2.0 Fire Magic
 + Level 2.0 Ice Magic
 + Level 2.0 Air Magic
 + Level 2.0 Earth Magic
 + Level 2.0 Poison Magic
 + Level 2.7 Invocations
 + Level 2.4 Evocations


You had 10 spell levels left.
You didn't know any spells.
Your spell library was empty.

Dungeon Overview and Level Annotations

Branches:
Dungeon (4/15)             Temple (0/1) D:4

Altars:
Ashenzari
Elyvilon
Makhleb
Sif Muna


Innate Abilities, Weirdness & Mutations

Your experience applies equally to all skills.
You have very sharp teeth.
Your uncanny sense of smell can sniff out nearby items.


Message History

The ogre is moderately wounded.
You whack the ogre! Your bite misses the ogre.
The ogre is severely wounded.
The ogre hits you with a +0 giant spiked club!
You closely miss the ogre.
The ogre is severely wounded.
The ogre hits you with a +0 giant spiked club!
Your scale mail prevents you from hitting the ogre.
The ogre is severely wounded.
You barely miss the ogre.
The ogre is severely wounded.
You block the ogre's attack.
You completely miss the ogre.
The ogre is severely wounded.
The ogre hits you with a +0 giant spiked club!!
* * * LOW HITPOINT WARNING * * *
You hit the ogre.
The ogre is severely wounded.
The ogre hits you with a +0 giant spiked club!
You die...

#######
#.@O..#
#.###'#
#.# ...
######.#
.♣.#
+......#
_..#
#......#
.♣ #
#......#
..
#..######
##
#'####..##


You could see an ogre.

Vanquished Creatures
  Sigmund (D:2)
  Eustachio (D:4)
  An ogre (D:3)
  A phantom (D:4)
  2 worker ants (D:4)
  4 gnolls
  An adder (D:3)
  An ooze (D:1)
  A dart slug (D:1)
  2 leopard geckos
  5 orcs
  A giant cockroach (D:1)
  5 goblins
  4 hobgoblins
  6 kobolds
  A quokka (D:4)
  A ball python (D:3)
  8 bats
  2 frilled lizards
  7 rats
55 creatures vanquished.

Notes
Turn   | Place    | Note
-------+----------+-------------------------------------------
     0 | D:1      | RedPan the Gnoll Wanderer began the quest for the Orb.
     0 | D:1      | RedPan set off with the following items: a +0 dagger, 4
                  | throwing nets, a scroll of teleportation, a potion of
                  | lignification, a +0 leather armour, a ration
     0 | D:1      | Reached XP level 1. HP: 26/26 MP: 1/1
   210 | D:1      | Reached XP level 2. HP: 33/33 MP: 2/2
   720 | D:1      | Reached XP level 3. HP: 33/38 MP: 3/3
  1126 | D:2      | Found a burning altar of Makhleb.
  1142 | D:2      | Became a worshipper of Makhleb the Destroyer
  1380 | D:2      | Reached skill level 1 in Invocations
  1404 | D:2      | Noticed Sigmund
  1448 | D:2      | Killed Sigmund
  1448 | D:2      | Reached skill level 1 in Short Blades
  1448 | D:2      | Reached skill level 1 in Axes
  1448 | D:2      | Reached skill level 1 in Maces & Flails
  1448 | D:2      | Reached skill level 1 in Polearms
  1448 | D:2      | Reached skill level 1 in Staves
  1448 | D:2      | Reached skill level 1 in Slings
  1448 | D:2      | Reached skill level 1 in Bows
  1448 | D:2      | Reached skill level 1 in Crossbows
  1448 | D:2      | Reached skill level 1 in Armour
  1448 | D:2      | Reached skill level 1 in Spellcasting
  1448 | D:2      | Reached skill level 1 in Conjurations
  1448 | D:2      | Reached skill level 1 in Hexes
  1448 | D:2      | Reached skill level 1 in Charms
  1448 | D:2      | Reached skill level 1 in Summonings
  1448 | D:2      | Reached skill level 1 in Necromancy
  1448 | D:2      | Reached skill level 1 in Translocations
  1448 | D:2      | Reached skill level 1 in Transmutations
  1448 | D:2      | Reached skill level 1 in Fire Magic
  1448 | D:2      | Reached skill level 1 in Ice Magic
  1448 | D:2      | Reached skill level 1 in Air Magic
  1448 | D:2      | Reached skill level 1 in Earth Magic
  1448 | D:2      | Reached skill level 1 in Poison Magic
  1448 | D:2      | Reached skill level 1 in Evocations
  1448 | D:2      | Reached XP level 4. HP: 36/45 MP: 4/6
  1448 | D:2      | Reached XP level 5. HP: 41/51 MP: 4/7
  1583 | D:2      | Found a white marble altar of Elyvilon.
  1752 | D:2      | Reached XP level 6. HP: 22/57 MP: 8/8
  1957 | D:3      | Found a shattered altar of Ashenzari.
  2753 | D:4      | Noticed a phantom
  2798 | D:4      | Killed a phantom
  3151 | D:4      | Found a staircase to the Ecumenical Temple.
  3167 | D:4      | Reached XP level 7. HP: 56/63 MP: 10/10
  3485 | D:4      | Noticed Eustachio
  3499 | D:4      | Killed Eustachio
  3524 | D:4      | Found a shimmering blue altar of Sif Muna.
  3538 | D:4      | Mangled by an ogre

Levels and vault maps discovered:
D:1:      tarquinn_simple_flora_water_f, layout_rooms
D:2:      layout_basic, bloody_makhleb, elyvilon_altar_3,
          minmay_misc_feat_alley, uniq_sigmund
D:3:      layout_loops_corners, ashenzari_altar_1, first_ration,
          kennysheep_generic_room_2
D:4:      layout_gridville, kennysheep_vampire_church, kennysheep_little_box,
          minmay_temple_entry_sparse_star, uniq_eustachio

Skill      XL: |  1  2  3  4  5  6  7 |
---------------+----------------------+-----
Invocations    | 1 2 |  2.7
Short Blades   | 1 2 |  2.4
Long Blades    | 3 |  3.6
Axes           | 1 2 |  2.4
Maces & Flails | 1 2 |  2.4
Polearms       | 1 2 |  2.4
Staves         | 1 2 |  2.4
Slings         | 1 2 |  2.4
Bows           | 1 2 |  2.4
Crossbows      | 1 2 |  2.4
Throwing       | 3 |  3.6
Armour         | 1 2 |  2.4
Dodging        | 3 |  3.6
Shields        | 3 |  3.6
Unarmed Combat | 3 |  3.6
Spellcasting   | 1 2 |  2.4
Conjurations   | 1 2 |  2.0
Hexes          | 1 2 |  2.0
Charms         | 1 2 |  2.0
Summonings     | 1 2 |  2.0
Necromancy     | 1 2 |  2.0
Translocations | 1 2 |  2.0
Transmutations | 1 2 |  2.0
Fire Magic     | 1 2 |  2.0
Ice Magic      | 1 2 |  2.0
Air Magic      | 1 2 |  2.0
Earth Magic    | 1 2 |  2.0
Poison Magic   | 1 2 |  2.0
Evocations     | 1 2 |  2.4
Stealth        | 3 |  3.4
Fighting       | |  8.9

Action                   |  1- 3 |  4- 6 |  7- 9 || total
-------------------------+-------+-------+-------++-------
Melee: Whip              |   106 |    99 |    48 ||   253
       Dagger            |     7 |       |       ||     7
       Bite              |    13 |     9 |     8 ||    30
       Punch             |     1 |     1 |       ||     2
Evoke: Wand              |       |       |     2 ||     2
  Use: Scroll            |     4 |     6 |       ||    10
       Potion            |     4 |     1 |       ||     5
 Stab: Sleeping          |     4 |       |       ||     4
       Invisible         |       |     1 |       ||     1
  Eat: Chunk             |     2 |     4 |     2 ||     8
Armor: Leather armour    |    22 |       |       ||    22
       Scale mail        |    10 |    28 |    12 ||    50
Dodge: Dodged            |    53 |    42 |    13 ||   108
Block: Buckler           |       |    10 |    10 ||    20

Table legend:
 A = Non-vault XP
 B = Vault XP
 C = Vault XP percentage of total XP
 D = Non-vault monster count
 E = Vault monster count
 F = Vault count percentage of total count
                 A         B        C        D         E       F
            +---------+---------+-------+---------+---------+-------
      Total |     462 |     426 |  48.0 |      51 |       4 |   7.3
            +---------+---------+-------+---------+---------+-------
        D:1 |      41 |       0 |   0.0 |      21 |       0 |   0.0
        D:2 |      59 |     220 |  78.9 |      14 |       1 |   6.7
        D:3 |     160 |       3 |   1.8 |       7 |       2 |  22.2
        D:4 |     202 |     203 |  50.1 |       9 |       1 |  10.0
            +---------+---------+-------+---------+---------+-------
